 Dungeon Crawl Stone Soup version 0.22-a0-402-ga933591907 (webtiles) character file.

276 Manul the Insei (level 6, 0/48 HPs)
             Began as a Demonspawn Monk on May 6, 2018.
             Succumbed to an adder's poison
             ... on level 3 of the Dungeon.
             The game lasted 00:03:36 (4010 turns).

Manul the Insei (Demonspawn Monk)                   Turns: 4010, Time: 00:03:37

Health: 0/48       AC:  4    Str: 11    XL:     6   Next: 4%
Magic:  1/6        EV: 13    Int: 12    God:
Gold:   103        SH:  0    Dex: 17    Spells: 5/5 levels left

rFire    . . .     SeeInvis .   c - +2 dagger (pain)
rCold    + . .     Gourm    .   (no shield)
rNeg     . . .     Faith    .   e - +0 leather armour
rPois    .         Spirit   +   d - +0 helmet (curse)
rElec    .         Reflect  .   (no cloak)
rCorr    .         Harm     .   (no gloves)
MR       .....                  (boots unavailable)
Stlth    ++........             o - amulet of guardian spirit
HPRegen  0.16/turn              m - ring of wizardry
MPRegen  0.10/turn              p - ring of protection from cold

@: lethally poisoned (0 -> -2), berserk cooldown, slowed, very slow
A: fangs 1, hooves 3, mutation resistance 1, rot immunity
a: no special abilities


You were on level 3 of the Dungeon.
You were not hungry.

You visited 1 branch of the dungeon, and saw 3 of its levels.

You collected 103 gold pieces.

Inventory:

Hand Weapons
 c - a +2 dagger of pain (weapon)
 f - a +0 whip of electrocution
Armour
 a - a +0 robe
 d - a cursed +0 helmet (worn)
 e - a +0 leather armour (worn)
Jewellery
 m - a ring of wizardry (left hand)
 o - an amulet of guardian spirit (around neck)
 p - a ring of protection from cold (right hand)
Scrolls
 h - a scroll of amnesia {unknown}
 j - 3 scrolls of identify {unknown}
 k - 3 scrolls of remove curse {unknown}
 n - a scroll of immolation {unknown}
Potions
 i - a potion of might
 q - a potion of berserk rage
Comestibles
 b - 6 rations
 g - 3 chunks of flesh


   Skills:
 + Level 3.8 Fighting
 + Level 0.6 Short Blades
 + Level 2.1 Armour
 + Level 3.7 Dodging
 + Level 2.5 Stealth
 + Level 4.0 Unarmed Combat


You had 5 spell levels left.
You didn't know any spells.

Dungeon Overview and Level Annotations

Branches:
Dungeon (3/15)

Altars:
Xom


Innate Abilities, Weirdness & Mutations

You have hooves in place of feet.
You are immune to rotting.
You have very sharp teeth.
You are somewhat resistant to further mutation.


Message History

You feel sick. The adder barely misses you.
The adder bites you but does no damage.
You hit the adder.
The adder is heavily wounded.
The adder bites you.
* * * LOW HITPOINT WARNING * * *
The adder barely misses you.
You closely miss the adder. You kick the adder.
The adder is almost dead.
* * * LOW HITPOINT WARNING * * *
You feel sick. The adder barely misses you. x2
Unknown command.
You barely miss the adder. Your kick misses the adder.
You bite the adder, but do no damage.
The adder is almost dead.
The adder closely misses you. The adder bites you.
* * * LOW HITPOINT WARNING * * *
You barely miss the adder.
You kill the adder!
You die...

#.# ###+#.# ##....# #.... #.#
#.....############# #....
#.#####............))# #....
#.....'.....########[#
#####....
#######.....#......#'##
#...'.... ......'...).#
###.....# #.###....
#.#####.....# #.......# #.#
##### #.#######'#.# #.......#
#.# #....# #.#.#.#.@.....# #.#
####.# #.#.#....#'#'####'####
#.####.#.#..>.#.#.###.....####
#.#....#.#....#'#.#.....).'...
#.#....#.#........#.......####
#.#....#.#....... #.......#
####.####.#.#..!.....#....####
.....# #.#.#........#....#
#.#######.#.##......##....#


There were no monsters in sight!

Vanquished Creatures
  2 orc priests (D:3)
  2 orc wizards (D:3)
  6 adders
  An ooze (D:3)
  3 worms
  5 dart slugs
  2 leopard geckos (D:1)
  5 orcs (D:3)
  8 giant cockroaches
  3 goblins
  7 hobgoblins
  10 jackals
  2 quokkas
  A ball python (D:1)
  10 bats
  10 frilled lizards
  7 kobolds
  5 rats
89 creatures vanquished.

Notes
Turn   | Place    | Note
-------+----------+-------------------------------------------
     0 | D:1      | Manul the Demonspawn Monk began the quest for the Orb.
     0 | D:1      | Reached XP level 1. HP: 18/18 MP: 1/1
   235 | D:1      | Gained mutation: You have large cloven feet. [demonic ancestry]
   235 | D:1      | Reached XP level 2. HP: 17/24 MP: 2/2
  1093 | D:1      | Reached skill level 3 in Unarmed Combat
  1144 | D:1      | Reached XP level 3. HP: 29/29 MP: 3/3
  1367 | D:2      | Found a faded altar of an unknown god.
  1834 | D:2      | Reached skill level 1 in Armour
  1834 | D:2      | Gained mutation: You are immune to rotting. [demonic ancestry]
  1834 | D:2      | Reached XP level 4. HP: 27/35 MP: 4/4
  2761 | D:3      | Gained mutation: You have hoof-like feet. [demonic ancestry]
  2761 | D:3      | Reached XP level 5. HP: 18/42 MP: 2/5
  3776 | D:3      | Found a shimmering altar of Xom.
  3995 | D:3      | Reached skill level 4 in Unarmed Combat
  3998 | D:3      | Gained mutation: You have hooves in place of feet. [demonic ancestry]
  3998 | D:3      | Reached XP level 6. HP: 19/48 MP: 2/6
  4005 | D:3      | Gained mutation: You have very sharp teeth. [potion of mutation]
  4005 | D:3      | Gained mutation: You are somewhat resistant to further mutation. [potion of mutation]
  4009 | D:3      | HP: 1/48 [adder (2)]
  4010 | D:3      | Succumbed to an adder's poison

Vault maps used:
D:1:      mrwooster_arrival_arrow, hangedman_decor_peaks_small,
          minmay_statues_item
D:2:      cheibrodos_helix_gallery, chequers_ecumenical_altar_simple_redux,
          minmay_tree_intersection
D:3:      xom_teletrap_fun

Skill      XL: |  1  2  3  4  5 |
---------------+----------------+-----
Dodging        | 3 |  3.7
Unarmed Combat | 3 4 |  4.0
Stealth        | 2 |  2.5
Armour         | 1 2 |  2.1
Fighting       | |  3.8
Short Blades   | |  0.6

Action                   |  1- 3 |  4- 6 || total
-------------------------+-------+-------++-------
Melee: Unarmed           |   108 |   141 ||   249
       Kick              |    32 |    53 ||    85
       Dagger            |    56 |    50 ||   106
       Punch             |       |     1 ||     1
       Bite              |       |     2 ||     2
  Use: Scroll            |     1 |       ||     1
       Potion            |       |     5 ||     5
 Stab: Sleeping          |     4 |     3 ||     7
  Eat: Chunk             |     3 |     7 ||    10
Armor: Robe              |     8 |       ||     8
       Leather armour    |    40 |    54 ||    94
Dodge: Dodged            |   112 |   131 ||   243

Table legend:
 A = Spawn XP
 B = Non-spawn XP
 C = Spawn XP percentage of total XP
 D = Spawn monster count
 E = Non-spawn monster count
 F = Spawn count percentage of total count
 G = Total turns spent on level
                    A         B        C        D         E        F      G
               +---------+---------+-------+---------+---------+-------+---------
         Total |       0 |     395 |   0.0 |       0 |      89 |   0.0 |  4010
               +---------+---------+-------+---------+---------+-------+---------
           D:1 |       0 |      48 |   0.0 |       0 |      29 |   0.0 |  1362
           D:2 |       0 |     104 |   0.0 |       0 |      32 |   0.0 |  1084
           D:3 |       0 |     243 |   0.0 |       0 |      28 |   0.0 |  1564
               +---------+---------+-------+---------+---------+-------+---------
